 Dungeon Crawl Stone Soup version 0.21-a0-225-g207ae17 (webtiles) character file.

298 HyperMack the Insei (level 6, 0/37 HPs)
             Began as a Kobold Transmuter on Aug 28, 2017.
             Killed from afar by an orc wizard (4 damage)
             ... with a magic dart
             ... on level 4 of the Dungeon.
             The game lasted 00:07:29 (4995 turns).

HyperMack the Insei (Kobold Transmuter)             Turns: 4995, Time: 00:07:30

Health: 0/37       AC:  4    Str:  7    XL:     6   Next: 62%
Magic:  2/9        EV: 16    Int: 16    God:
Gold:   197        SH:  0    Dex: 16    Spells: 2/9 levels left

rFire    . . .     SeeInvis .     - Unarmed
rCold    . . .     Gourm    .   (shield restricted)
rNeg     . . .     Faith    .   o - +0 leather armour
rPois    .         Spirit   .   (no helmet)
rElec    .         Reflect  .   k - +0 cloak
rCorr    .         Harm     .   (no gloves)
MR       .....                  (no boots)
Stlth    +.........             (no amulet)
HPRegen  0.12/turn              (no ring)
MPRegen  0.11/turn              (no ring)

@: very slightly contaminated, invisible
A: carnivore 3
a: no special abilities


You were on level 4 of the Dungeon.
You were completely stuffed.

You visited 1 branch of the dungeon, and saw 5 of its levels.

You collected 197 gold pieces.

Inventory:

Missiles
 a - 7 arrows
Armour
 h - a +3 leather armour
   (You took it off an orc priest on level 4 of the Dungeon)
 k - a +0 cloak (worn)
   (You found it on level 2 of the Dungeon)
 o - a +0 leather armour (worn)
   (You found it on level 3 of the Dungeon)
Jewellery
 q - an uncursed ring of magical power {unknown}
   (You took it off an orc on level 4 of the Dungeon)
Scrolls
 b - 2 scrolls of fear {unknown}
 e - a scroll of enchant weapon {unknown}
 f - 2 scrolls of identify
 i - 2 scrolls of noise {unknown}
 j - 2 scrolls of teleportation {unknown}
 n - a scroll of random uselessness {unknown}
 r - a scroll of blinking {unknown}
Potions
 g - 3 potions of invisibility
 l - 2 potions of curing
Books
 c - a book of Changes
Comestibles
 d - 2 meat rations {@e2}
 m - 2 royal jellies
 p - 2 chunks of flesh {@w0}


   Skills:
 - Level 3.0 Fighting
 - Level 3.9 Dodging
 - Level 4.8 Unarmed Combat
 - Level 2.1 Spellcasting
 + Level 2.9 Transmutations
 + Level 1.9 Ice Magic


You had 2 spell levels left.
You knew the following spells:

 Your Spells              Type           Power        Failure   Level  Hunger
a - Ice Form              Ice/Tmut       #.......     75%         4    #####..
s - Sticks to Snakes      Tmut           ##......     14%         2    ###....
z - Beastly Appendage     Tmut           ##....       10%         1    #......


Dungeon Overview and Level Annotations

Branches:
Dungeon (5/15)
 Temple: D:4-7

Altars:
Uskayaw

Annotations:
D:3 exclusion: downstairs
D:4 Natasha


Innate Abilities, Weirdness & Mutations

You are small and have problems with some larger weapons.
You are carnivorous and can eat meat at any time.


Message History

Your ball python barely misses the centaur.
Your ball python bites the centaur.
You take 8 damage, and have 7/37 hp.
MASSIVE DAMAGE!!
It was a potion of curing.
You feel better. The centaur closely misses you.
Your ball python barely misses the centaur.
The centaur barely misses you.
Your ball python bites the centaur but does no damage.
You regained 11 hp, and now have 18/37 hp.
You hit the centaur but do no damage.
Your ball python bites the centaur but does no damage.
The centaur completely misses you. The crimson imp hits your ball python.
Your ball python bites the centaur but does no damage.
You closely miss the centaur. The centaur hits you!
* * * LOW HITPOINT WARNING * * *
Your ball python barely misses the centaur.
The crimson imp hits your ball python.
Your ball python bites the centaur but does no damage.
You take 9 damage, and have 9/37 hp.
MASSIVE DAMAGE!!
You hit the centaur but do no damage. The centaur closely misses you.
Your ball python bites the centaur but does no damage.
The crimson imp hits your ball python.
Your ball python dies!
Your ball python bites the centaur but does no damage.
The centaur barely misses you.
You fade into invisibility!
The centaur closely misses you.
Your ball python bites the centaur but does no damage.
The centaur wields an uncursed shortbow.
The centaur shoots an arrow.
The arrow closely misses you.
Your ball python bites the centaur but does no damage.
The centaur shoots an arrow.
The arrow hits the crimson imp!
You see here an arrow.
Your ball python bites the centaur.
The centaur unwields an uncursed shortbow.
The centaur hits your ball python.
Your ball python barely misses the centaur.
The centaur hits your ball python.
Your ball python dies!
The crimson imp spits at you.
There is a stone staircase leading up here.
The crimson imp hits you but does no damage.
You climb upwards.
Level annotation: Natasha
There is a stone staircase leading down here.
You barely miss the crimson imp.
The crimson imp hits you but does no damage.
You miss the crimson imp. The crimson imp barely misses you.
You closely miss the crimson imp. The crimson imp hits you.
* * * LOW HITPOINT WARNING * * *
You take 1 damage, and have 10/37 hp.
You closely miss the crimson imp.
The crimson imp summons a swarm of flies.
The crimson imp closely misses you.
You closely miss the crimson imp. The crimson imp hits you.
* * * LOW HITPOINT WARNING * * *
You take 2 damage, and have 8/37 hp.
You barely miss the crimson imp. The crimson imp closely misses you.
Casting: Sticks to Snakes You create a snake!
You now have 8 arrows.
The crimson imp misses you.
You now have 3/9 mp.
Casting: Sticks to Snakes You create a snake!
You now have 7 arrows.
Your ball python bites the crimson imp.
Your ball python grabs the crimson imp.
Your ball python constricts the crimson imp.
The crimson imp closely misses you.
You now have 1/9 mp.
You barely miss the crimson imp.
Your ball python bites the crimson imp.
Your ball python constricts the crimson imp.
Your adder bites the crimson imp.
The crimson imp misses you.
You hit the crimson imp.
Your ball python bites the crimson imp.
Your ball python constricts the crimson imp.
Your adder bites the crimson imp.
The crimson imp completely misses your adder.
You strike the helpless crimson imp from behind!
You hit the crimson imp but do no damage.
Your ball python bites the crimson imp.
Your ball python constricts the crimson imp.
Your adder barely misses the crimson imp.
You barely miss the crimson imp. The crimson imp misses you.
Your adder bites the crimson imp.
The crimson imp dies!
Your adder looks stronger.
You swap places.
Your adder barely misses the orc wizard.
The orc wizard hits your adder with a dagger.
Your adder misses the orc wizard. The orc wizard casts a spell at you.
The magic dart hits you!
* * * LOW HITPOINT WARNING * * *
Your adder bites the orc wizard.
You take 5 damage, and have 4/37 hp.
You miss the orc wizard.
Your adder bites the orc wizard.
The orc wizard closely misses you.
You closely miss the orc wizard.
Your adder closely misses the orc wizard.
The orc wizard points at you and mumbles some strange words.
The magic dart hits you!
You die...

# #...# #.#.## .. #.#..#
.. #.#..##.# #.#..##.#
#.#...#.# #.#.#.#.#
#.#.#.#o# # #.#.#.@S#
####### # #.#.##.S###
#...... # #.#.##..#..
#.##### # #.#....>#.# #.#
# #.#.#####.# #.# # #.#.#
#.# #.# ###########.#.#
#.# #.#
............#.#####.###.#
#.#
#############...........#
#.#


You could see an orc wizard, a friendly adder and a friendly ball python.

Vanquished Creatures
  An orc priest (D:4)
  An orc wizard (D:3)
  3 adders
  An ooze (D:1)
  An adder skeleton (D:4)
  An adder zombie (D:5)
  2 dart slugs
  5 leopard geckos
  8 orcs
  A ball python (D:1)
  4 bats
  2 giant cockroaches
  7 goblins
  5 hobgoblins
  4 jackals
  7 kobolds
  5 frilled lizards
  9 rats
67 creatures vanquished.

Vanquished Creatures (collateral kills)
  An ogre (D:3)
  A crimson imp (D:4)
  An iguana (D:5)
  A worker ant (D:5)
  A gnoll (D:1)
  An adder (D:4)
  A leopard gecko (D:3)
  An orc (D:4)
  2 kobolds
  A bat (D:3)
  3 frilled lizards
14 creatures vanquished.

Grand Total: 81 creatures vanquished

Notes
Turn   | Place    | Note
-------+----------+-------------------------------------------
     0 | D:1      | HyperMack the Kobold Transmuter began the quest for the Orb.
     0 | D:1      | Reached XP level 1. HP: 12/12 MP: 3/3
   125 | D:1      | Reached XP level 2. HP: 16/16 MP: 5/5
   129 | D:1      | Learned a level 2 spell: Sticks to Snakes
   386 | D:1      | Reached skill level 4 in Unarmed Combat
   386 | D:1      | Reached XP level 3. HP: 11/20 MP: 0/6
  1068 | D:2      | Noticed a hand axe
  1069 | D:2      | Noticed a hand axe
  1069 | D:2      | Found a hide-covered altar of Uskayaw.
  1317 | D:2      | Reached XP level 4. HP: 13/26 MP: 4/7
  1328 | D:2      | HP: 6/26 [poisoned by an adder]
  1334 | D:2      | HP: 4/26 [poisoned by an adder]
  1342 | D:2      | HP: 3/26 [poisoned by an adder]
  1817 | D:2      | Reached skill level 3 in Dodging
  1967 | D:2      | HP: 6/26 [kobold/short sword (5)]
  2436 | D:2      | Reached skill level 2 in Fighting
  3560 | D:3      | Reached XP level 5. HP: 30/30 MP: 4/8
  3934 | D:3      | Noticed an ogre
  3956 | D:3      | Killed an ogre
  3956 | D:3      | Reached skill level 3 in Fighting
  4077 | D:4      | Learned a level 4 spell: Ice Form
  4110 | D:4      | Noticed Natasha
  4135 | D:3      | Reached XP level 6. HP: 31/37 MP: 9/9
  4263 | D:4      | HP: 5/37 [orc priest/divine providence (11)]
  4268 | D:4      | Reached skill level 1 in Ice Magic
  4884 | D:4      | Noticed a slave
  4884 | D:4      | Noticed a slave
  4906 | D:5      | Entered Level 5 of the Dungeon
  4958 | D:5      | HP: 7/37 [centaur (8)]
  4983 | D:4      | HP: 8/37 [crimson imp (2)]
  4993 | D:4      | HP: 4/37 [orc wizard/magic dart (5)]
  4995 | D:4      | Killed from afar by an orc wizard

Vault maps used:
D:1:      erik_arrival_cave_to_civilisation, serial_bayou_pond_d,
          minmay_misc_feat_plants, moated_statue, st_stairs_10,
          solitary_fountain
D:2:      dancing_weapons_uskayaw, first_bread
D:3:      minivault_4
D:4:      serial_shops, nicolae_shop_statue_plus, uniq_natasha, uniq_pikel

Skill      XL: |  1  2  3  4  5  6 |
---------------+-------------------+-----
Unarmed Combat | 4 |  4.8
Dodging        | 3 |  3.9
Fighting       | 2 3 |  3.0
Ice Magic      | 1 |  1.9
Spellcasting   | |  2.1
Transmutations | |  2.9

Action                   |  1- 3 |  4- 6 || total
-------------------------+-------+-------++-------
Melee: Unarmed           |   100 |   241 ||   341
       Punch             |     2 |     2 ||     4
       Kick              |     1 |     4 ||     5
 Cast: Sticks to Snakes  |     6 |    30 ||    36
       Beastly Appendage |     1 |     3 ||     4
  Use: Scroll            |     2 |       ||     2
       Potion            |       |     3 ||     3
 Stab: Sleeping          |       |     1 ||     1
       Distracted        |       |     2 ||     2
       Invisible         |       |     1 ||     1
  Eat: Chunk             |     2 |    22 ||    24
Armor: Robe              |    13 |     2 ||    15
       Leather armour    |       |    28 ||    28
Dodge: Dodged            |    81 |   206 ||   287

Table legend:
 A = Spawn XP
 B = Non-spawn XP
 C = Spawn XP percentage of total XP
 D = Spawn monster count
 E = Non-spawn monster count
 F = Spawn count percentage of total count
 G = Total turns spent on level
                    A         B        C        D         E        F      G
               +---------+---------+-------+---------+---------+-------+---------
         Total |     124 |     302 |  29.1 |      16 |      65 |  19.8 |  4995
               +---------+---------+-------+---------+---------+-------+---------
           D:1 |      12 |      45 |  21.1 |       4 |      22 |  15.4 |  1060
           D:2 |      19 |      38 |  33.3 |       5 |      17 |  22.7 |  1779
           D:3 |      89 |      63 |  58.6 |       4 |      12 |  25.0 |  1237
           D:4 |       4 |     100 |   3.8 |       3 |      11 |  21.4 |   847
           D:5 |       0 |      56 |   0.0 |       0 |       3 |   0.0 |    72
               +---------+---------+-------+---------+---------+-------+---------

Vault maps used:
D:1:      erik_arrival_cave_to_civilisation, serial_bayou_pond_d,
          minmay_misc_feat_plants, moated_statue, st_stairs_10,
          solitary_fountain
D:2:      dancing_weapons_uskayaw, first_bread
D:3:      minivault_4
D:4:      serial_shops, nicolae_shop_statue_plus, uniq_natasha, uniq_pikel

Table legend:
 A = Turns spent in this place as a percentage of turns spent in the entire game.
 B = Non-inter-level travel turns spent in this place as a percentage of non-inter-level travel turns spent in the entire game.
 C = Inter-level travel turns spent in this place as a percentage of turns spent in this place.
 D = Turns resting spent in this place as a percentage of non-inter-level travel turns spent in this place.
 E = Turns spent auto-exploring this place as a percentage of non-inter-level travel turns spent in this place.
 F = Non-inter-level travel turns spent in this place divided by the number of levels of this place that you've seen.
                   A       B       C       D       E      F
               +-------+-------+-------+-------+-------+----------------------
         Total | 100.0 | 100.0 |   3.7 |  42.9 |  34.8 | 962.0
       Dungeon | 100.0 | 100.0 |   3.7 |  42.9 |  34.8 | 962.0
               +-------+-------+-------+-------+-------+----------------------

Table legend:
 A = Kills in this place as a percentage of kills in entire the game.
 B = Kills by you in this place as a percentage of kills by you in the entire game.
 C = Kills by friends in this place as a percentage of kills by friends in the entire game.
 D = Other kills in this place as a percentage of other kills in the entire game.
 E = Experience gained in this place as a percentage of experience gained in the entire game.
 F = Experience gained in this place divided by the number of levels of this place that you have seen.
                   A       B       C       D       E      F
               +-------+-------+-------+-------+-------+----------------------
         Total | 100.0 | 100.0 | 100.0 |   N/A | 100.0 |  85.2
       Dungeon | 100.0 | 100.0 | 100.0 |   N/A | 100.0 |  85.2
               +-------+-------+-------+-------+-------+----------------------
